 Dungeon Crawl Stone Soup version 0.25.1-9-gc5326a611f (webtiles) character file.

Game seed: 5741078067035156854

413 Iaco the Chopper (level 6, -1/53 HPs)
             Began as a Minotaur Berserker on Dec 25, 2020.
             Was a Priest of Trog.
             Slain by shugdite's ghost (13 damage)
             ... on level 4 of the Dungeon.
             The game lasted 00:16:02 (4356 turns).

Iaco the Chopper (Minotaur Berserker)               Turns: 4356, Time: 00:16:02

Health: -1/53      AC:  8    Str: 24    XL:     6   Next: 59%
Magic:  5/5        EV: 12    Int:  4    God:    Trog [***...]
Gold:   178        SH:  0    Dex:  9    Spells: 5/5 levels left

rFire    . . .     SeeInvis .   b - +0 quarterstaff
rCold    . . .     Gourm    .   (shield currently unavailable)
rNeg     . . .     Faith    .   v - +0 ring mail
rPois    .         Spirit   .   (helmet restricted)
rElec    .         Reflect  .   y - +0 cloak
rCorr    .         Harm     .   r - +0 pair of gloves
MR       .....                  (no boots)
Stlth    +.........             (no amulet)
HPRegen  0.17/turn              (no ring)
MPRegen  0.09/turn              (no ring)

@: no status effects
A: retaliatory headbutt, horns 2
a: Berserk, Trog's Hand, Renounce Religion


You were on level 4 of the Dungeon.
You worshipped Trog.
Trog was most pleased with you.
You were not hungry.

You visited 1 branch of the dungeon, and saw 4 of its levels.

You collected 178 gold pieces.

Inventory:

Hand Weapons
 a - a +0 hand axe
 b - a +0 quarterstaff (weapon)
 q - a +0 hand axe
Missiles
 e - 44 poisoned darts (quivered)
 j - 141 stones
Armour
 r - a +0 pair of gloves (worn)
 t - a +0 scale mail
 u - a cursed -2 kite shield
 v - a +0 ring mail (worn)
 y - a +0 cloak (worn)
Jewellery
 s - a +4 ring of protection {unknown}
Wands
 z - a wand of random effects (18)
Scrolls
 d - 6 scrolls of identify
 f - a scroll of magic mapping {unknown}
 h - a scroll of immolation
 i - 3 scrolls of remove curse
 o - a scroll of noise {unknown}
 w - a scroll of fear {unknown}
 A - 2 scrolls of fog {unknown}
Potions
 g - 2 potions of brilliance {unknown}
 k - 3 potions of curing {unknown}
 l - 2 potions of heal wounds {unknown}
 m - a potion of degeneration {unknown}
 p - a potion of resistance {unknown}
 x - a potion of lignification {unknown}
Comestibles
 c - 4 rations
 n - a chunk of flesh


   Skills:
 + Level 4.6 Fighting
 - Level 5.3 Axes
 * Level 5.0 Staves
 + Level 3.7 Armour
 + Level 2.9 Dodging
 + Level 1.0 Stealth


You had 5 spell levels left.
You didn't know any spells.
Your spell library was empty.

Dungeon Overview and Level Annotations

Branches:
Dungeon (4/15)
 Temple: D:4-7

Altars:
Ru
Uskayaw

Annotations:
D:4 shugdite's ghost, novice MiMo


Innate Abilities, Weirdness & Mutations

You reflexively headbutt those who attack you in melee.
You have a pair of horns on your head.


Message History

Shugdite's ghost is moderately damaged.
Shugdite's ghost closely misses you.
Shugdite's ghost hits you but does no damage.
You closely miss shugdite's ghost.
Shugdite's ghost is moderately damaged.
Shugdite's ghost hits you.
You hit shugdite's ghost. Your headbutt misses shugdite's ghost.
Shugdite's ghost is moderately damaged.
Shugdite's ghost hits you!
You barely miss shugdite's ghost. Your headbutt misses shugdite's ghost.
Shugdite's ghost is moderately damaged.
Shugdite's ghost closely misses you.
You hit shugdite's ghost. Your headbutt misses shugdite's ghost.
Shugdite's ghost is heavily damaged.
Shugdite's ghost hits you!
* * * LOW HITPOINT WARNING * * *
You hit shugdite's ghost.
Shugdite's ghost is heavily damaged.
Shugdite's ghost hits you!
You die...

######### #.......# #.......####
##### #........... #...#
##############.#### #...#
#........#####.#... #...#
####.#......#.......##
#...#######....@......#.......##
#.........###''W###...'.........
##.#########.(....(#...#..)....##
..>........#....(..#...#.......#.
......######..♣....#...#.......#.
......# #.....((#####.......#<
......# #.(.(...#.# #####.#.##
......# #########.# #.#...
......# #.# #.####


You could see shugdite's ghost.

Vanquished Creatures
  A scorpion (D:4)
  A howler monkey (D:4)
  An orc priest (D:4)
  3 orc wizards (D:4)
  A worker ant (D:4)
  A howler monkey skeleton (D:4)
  3 gnolls (D:3)
  7 adders
  3 dart slugs
  2 leopard geckos
  3 orcs (D:4)
  A ball python (D:3)
  8 bats
  7 giant cockroaches
  7 goblins
  10 hobgoblins
  3 jackals
  12 kobolds
  2 quokkas (D:3)
  4 frilled lizards
  8 rats
88 creatures vanquished.

Notes
Turn   | Place    | Note
-------+----------+-------------------------------------------
     0 | D:1      | Iaco the Minotaur Berserker began the quest for the Orb.
     0 | D:1      | Reached XP level 1. HP: 19/19 MP: 0/0
   121 | D:1      | Reached XP level 2. HP: 19/27 MP: 1/1
   591 | D:1      | Reached ** piety under Trog
   690 | D:1      | Reached XP level 3. HP: 31/33 MP: 2/2
  1833 | D:2      | Reached skill level 5 in Axes
  1943 | D:2      | Reached XP level 4. HP: 39/40 MP: 3/3
  2461 | D:3      | Reached skill level 1 in Staves
  2669 | D:3      | Found a hide-covered altar of Uskayaw.
  2681 | D:3      | Reached skill level 1 in Stealth
  2777 | D:3      | Found a sacrificial altar of Ru.
  2895 | D:3      | Reached *** piety under Trog
  3150 | D:3      | Reached XP level 5. HP: 46/46 MP: 4/4
  3564 | D:4      | Reached XP level 6. HP: 53/53 MP: 5/5
  3691 | D:4      | Found a runed translucent gate.
  3691 | D:4      | Found a runed translucent gate.
  3691 | D:4      | Found a runed translucent gate.
  3693 | D:4      | Noticed shugdite's ghost (novice MiMo)
  3912 | D:4      | Reached skill level 5 in Staves
  4356 | D:4      | Slain by shugdite's ghost

Illustrated notes

Levels and vault maps discovered:
D:1:      dpeg_arrival_pond, layout_loops_ring, minmay_split_cup_small
D:2:      minmay_chambers_of_twos, layout_loops_cross,
          minmay_misc_feat_nine_boxes
D:3:      layout_basic, nicolae_ru_path_of_blood, nicolae_overflow_hidden_temple
D:4:      layout_basic, ebering_ghost_rock_garden

Skill      XL: |  1  2  3  4  5  6 |
---------------+-------------------+-----
Fighting       | 4 |  4.6
Axes           | 4 5 |  5.3
Staves         | 1 4 5 |  5.0
Stealth        | 1 |  1.0
Armour         | 3 |  3.7
Dodging        | |  2.9

Action                   |  1- 3 |  4- 6 || total
-------------------------+-------+-------++-------
Melee: Hand axe          |    92 |     7 ||    99
       Headbutt          |    18 |    24 ||    42
       Unarmed           |     5 |       ||     5
       Quarterstaff      |       |   120 ||   120
Throw: Dart              |     1 |       ||     1
Invok: Trog's Hand       |       |     1 ||     1
  Use: Scroll            |     2 |     1 ||     3
  Eat: Chunk             |     2 |     4 ||     6
       Ration            |     1 |     1 ||     2
Armor: Animal skin       |    15 |       ||    15
       Scale mail        |    14 |       ||    14
       Ring mail         |       |    51 ||    51
Dodge: Dodged            |    85 |    83 ||   168
